 Dungeon Crawl Stone Soup version 0.30.0-11-gf55b779eaf (webtiles) character file.

Game seed: 1359810671894352545

455 sampeng1 the Chopper (level 7, 0/55 HPs)
             Began as a Human Berserker on May 16, 2023.
             Was a Priest of Trog.
             Slain by a gnoll
             ... wielding a +0 halberd
             ... led by a gnoll bouda
              (11 damage)
             ... on level 5 of the Dungeon.
             The game lasted 00:11:49 (3833 turns).

sampeng1 the Chopper (Human Berserker)              Turns: 3833, Time: 00:11:50

Health: 0/55       AC: 18    Str: 19    XL:     7   Next: 26%
Magic:  7/7        EV:  9    Int:  8    God:    Trog [***...]
Gold:   195        SH:  0    Dex: 12    Spells: 6/6 levels left

rFire   . . .        a - +1 hand axe (protect)
rCold   . . .        (no shield)
rNeg    . . .        y - +0 chain mail
rPois   .            (no helmet)
rElec   .            (no cloak)
rCorr   .            u - +1 pair of gloves
SInv    .            (no boots)
Will    .....        c - amulet of regeneration Stlth
                     (no ring)
HPRegen 1.09/turn    (no ring)
MPRegen 0.10/turn

%: no passive effects
@: weakened, under a protective aura
A: no striking features
a: Renounce Religion, Berserk, Trog's Hand


You were on level 5 of the Dungeon.
You worshipped Trog.
Trog was most pleased with you.
You visited 1 branch of the dungeon, and saw 5 of its levels.

You collected 272 gold pieces.
You spent 77 gold pieces at shops.

Inventory:

Hand Weapons
 a - a +1 hand axe of protection (weapon)
Missiles
 e - 10 poisoned darts
 h - 2 boomerangs (quivered)
Armour
 b - a +0 animal skin
 u - a +1 pair of gloves (worn)
 y - a +0 chain mail (worn)
Jewellery
 c - an amulet of regeneration (around neck)
Wands
 m - a wand of charming (18)
 x - a wand of flame (8)
Scrolls
 l - a scroll of teleportation
 o - 3 scrolls of identify
 r - a scroll of amnesia
 s - a scroll of blinking
 t - a scroll of fog
Potions
 d - 3 potions of heal wounds
 g - 3 potions of curing
 i - a potion of invisibility {unknown}
 k - 3 potions of attraction
 w - a potion of mutation {unknown}
 z - a potion of flight {unknown}


   Skills:
 + Level 4.5 Fighting
 + Level 4.5 Axes
 + Level 4.0 Armour
 + Level 4.0 Dodging


You had 6 spell levels left.
You didn't know any spells.
Your spell library was empty.

Dungeon Overview and Level Annotations

Branches:
Dungeon (5/15)
 Temple: D:4-7

Altars:
Cheibriados
Okawaru

Shops:
D:3 !*


Message History

The gnoll bouda hits you with a +0 club.
* * * LOW HITPOINT WARNING * * *
The gnoll hits you from afar with a +0 halberd.
* * * LOW HITPOINT WARNING * * *
Your Dodging skill increases to level 4!
You barely miss the gnoll bouda.
The gnoll bouda is moderately wounded.
The gnoll bouda barely misses you. The gnoll hits you but does no damage.
You slash the gnoll bouda!
The gnoll bouda is severely wounded.
The gnoll bouda prays to its god.
The gnoll bouda is healed somewhat.
The gnoll hits you but does no damage.
You barely miss the gnoll bouda.
The gnoll bouda is heavily wounded.
The gnoll bouda closely misses you. The gnoll hits you but does no damage.
You closely miss the gnoll bouda.
The gnoll bouda is heavily wounded.
The gnoll bouda hits you with a +0 club.
* * * LOW HITPOINT WARNING * * *
The gnoll hits you but does no damage.
You hit the gnoll bouda but do no damage.
The gnoll bouda is heavily wounded.
The gnoll bouda hits you with a +0 club.
* * * LOW HITPOINT WARNING * * *
The gnoll hits you but does no damage.
You closely miss the gnoll bouda.
The gnoll bouda is heavily wounded.
The gnoll bouda barely misses you. The gnoll closely misses you.
You hit the gnoll bouda.
The gnoll bouda is heavily wounded.
The gnoll bouda hits you but does no damage.
The gnoll closely misses you.
You hit the gnoll bouda.
The gnoll bouda is severely wounded.
The gnoll bouda misses you. The gnoll hits you but does no damage.
You hit the gnoll bouda.
The gnoll bouda is severely wounded.
The gnoll bouda barely misses you.
The gnoll hits you from afar with a +0 halberd!
You die...

#........##........#
#........##........#
#..................#
#####..............#
#..............#
#..............#
#..............#
#######.)......#
#.)@...$.#
......g)....##
......g.....#
#............#
#.>............
#.........<..#.#
#............# # ##
............# #. #.


You could see a gnoll bouda and a gnoll (swift).

Vanquished Creatures
  An ogre (D:5)
  A scorpion (D:4)
  A jelly (D:5)
  A hound (D:5)
  A sleepcap (D:5)
  Jessica (D:2)
  An iguana (D:5)
  3 gnolls (D:5)
  4 adders
  2 shadow imps (D:5)
  An ufetubus (D:5)
  2 worms (D:2)
  4 dart slugs
  2 orcs (D:3)
  4 endoplasms
  4 giant cockroaches
  5 goblins
  8 hobgoblins
  6 jackals (D:3)
  6 kobolds
  5 quokkas
  5 ball pythons
  5 bats
  5 frilled lizards
  5 rats
83 creatures vanquished.

Notes
Turn   | Place    | Note
-------+----------+-------------------------------------------
     0 | D:1      | sampeng1 the Human Berserker began the quest for the Orb.
     0 | D:1      | Reached XP level 1. HP: 18/18 MP: 1/1
    87 | D:1      | Reached XP level 2. HP: 22/24 MP: 2/2
   780 | D:1      | Reached XP level 3. HP: 29/29 MP: 3/3
  1102 | D:2      | Noticed Jessica
  1112 | D:2      | Killed Jessica
  1113 | D:2      | Reached XP level 4. HP: 35/35 MP: 4/4
  1233 | D:2      | Reached ** piety under Trog
  2111 | D:3      | Found an iron altar of Okawaru.
  2153 | D:3      | Found Umnam's General Store.
  2177 | D:3      | Bought a potion of heal wounds for 55 gold pieces
  2177 | D:3      | Bought a scroll of identify for 22 gold pieces
  2266 | D:3      | Found a faded altar of an unknown god.
  2275 | D:3      | Reached XP level 5. HP: 42/42 MP: 5/5
  2293 | D:3      | Found a snail-covered altar of Cheibriados.
  2385 | D:3      | Found Yfina's Distillery.
  2763 | D:4      | Reached *** piety under Trog
  2881 | D:4      | Reached XP level 6. HP: 46/48 MP: 6/6
  3432 | D:5      | Entered Level 5 of the Dungeon
  3730 | D:5      | Noticed an ogre
  3751 | D:5      | Killed an ogre
  3752 | D:5      | Reached XP level 7. HP: 28/55 MP: 7/7
  3833 | D:5      | Slain by a gnoll

Illustrated notes

Levels and vault maps discovered:
D:1:      dpeg_arrival_shrine, layout_basic
D:2:      layout_basic, uniq_jessica
D:3:      layout_rooms, okawaru_trees_1, mainiacjoe_overflow_chevrons,
          serial_shops, shop, nicolae_shop_getting_attention,
          basic_ecumenical_altar
D:4:      layout_basic, item_on_display_a
D:5:      layout_basic, uniq_grinder

Skill      XL: |  1  2  3  4  5  6  7 |
---------------+----------------------+-----
Armour         | 3 4 |  4.0
Dodging        | 3 4 |  4.0
Fighting       | 4 |  4.5
Axes           | 4 |  4.5

Action                     |  1- 3 |  4- 6 |  7- 9 || total
---------------------------+-------+-------+-------++-------
  Melee: Hand axe          |    61 |   258 |    26 ||   345
         Punch             |       |     2 |       ||     2
  Throw: Boomerang         |       |       |     1 ||     1
  Evoke: Wand              |       |     1 |       ||     1
    Use: Scroll            |       |    14 |       ||    14
         Potion            |       |       |     1 ||     1
 Armour: Animal skin       |     9 |       |       ||     9
         Ring mail         |     7 |     2 |       ||     9
         Scale mail        |       |    74 |       ||    74
         Chain mail        |       |    42 |    46 ||    88
  Dodge: Dodged            |    46 |   144 |    36 ||   226
